 Dungeon Crawl Stone Soup version 0.31.0-11-ge490571c62 (webtiles) character file.

Game seed: 13564830378874350218

11 browni3141 the Trooper (level 2, 0/28 HPs)
             Began as a Naga Monk on Feb 1, 2024.
             Was a Believer of Dithmenos.
             Slain by a jackal (1 damage)
             ... on level 4 of the Dungeon.
             The game lasted 00:01:40 (367 turns).

browni3141 the Trooper (Naga Monk)                   Turns: 367, Time: 00:01:41

Health: 0/28       AC:  1    Str: 13    XL:     2   Next: 29%
Magic:  2/2        EV: 10    Int: 10    God:    Dithmenos [**....]
Gold:   12         SH:  0    Dex: 13    Spells: 1/1 levels left

rFire   . . .        a - +0 mace
rCold   . . .        d - orb {light}
rNeg    . . .        b - +0 robe
rPois   +            (no helmet)
rElec   .            (no cloak)
rCorr   .            (no gloves)
SInv    +            (no barding)
Will    .....        (no amulet)
Stlth   +            (no ring)
HPRegen 0.24/turn    (no ring)
MPRegen 0.08/turn

%: no passive effects
@: very slow
A: AC +0, large, see invisible, deformed body, poison resistance, slowness 2,
spit poison 1, naga tail 1
a: Spit Poison, Renounce Religion, Shadow Step


You were on level 4 of the Dungeon.
You worshipped Dithmenos.
Dithmenos was pleased with you.
You visited 1 branch of the dungeon, and saw 4 of its levels.

You collected 12 gold pieces.

Inventory:

Hand Weapons
 a - a +0 mace (weapon)
Armour
 b - a +0 robe (worn)
 d - an orb of light (worn)
Scrolls
 f - a scroll of enchant weapon {unknown}
 g - a scroll of identify {unknown}
 h - a scroll of poison {unknown}
 i - a scroll of teleportation {unknown}
Potions
 c - a potion of ambrosia
 e - a potion of mutation {unknown}


   Skills:
 + Level 3.2 Fighting
 + Level 3.2 Maces & Flails
 + Level 2.6 Dodging


You had one spell level left.
You didn't know any spells.
Your spell library was empty.

Dungeon Overview and Level Annotations

Branches:
Dungeon (4/15)
 Temple: D:4-7

Altars:
Dithmenos


Innate Abilities, Weirdness & Mutations

Your serpentine skin is tough. (AC +0)
You have supernaturally acute eyesight. (SInv)
Armour fits poorly on your strangely shaped body.
Your system is resistant to poisons. (rPois)
You cover ground very slowly.
You can spit poison.
You have a snake-like lower body.


Message History

You barely miss the jackal. The jackal bites you. x3
The jackal bites you but does no damage.
You hit the jackal.
You kill the jackal!
Dithmenos accepts your kill. The jackal barely misses you.
The jackal closely misses you.
You closely miss the jackal. The jackal bites you.
You hit the jackal.
The jackal is heavily wounded.
The jackal bites you. x2
You closely miss the jackal.
The jackal is heavily wounded.
The jackal barely misses you. The jackal completely misses you.
You sock the jackal!
You kill the jackal!
Dithmenos accepts your kill.
No target in view!
No target in view!
You see here a jackal corpse.
A goblin comes into view. It is wielding a +0 club.
Found a stone staircase leading up.
The goblin hits you but does no damage.
You hit the goblin.
The goblin is severely wounded.
The goblin hits you with a +0 club. x2
You closely miss the goblin.
The goblin is severely wounded.
The goblin closely misses you.
You thump the goblin!
You kill the goblin!
Dithmenos accepts your kill.
Things that are here:
a +0 club; a goblin corpse The jackal barks!
You hear an angry hiss.
A ball python comes into view.
The jackal barks!
The ball python hisses angrily.
The jackal splashes around in the water.
The jackal bites the plant.
The plant begins to die.
The jackal bites the plant.
The plant begins to die.
The splash of poison misses the ball python.
The splash of poison hits the plant.
The plant completely resists.
The plant is lightly damaged.
The jackal bites the plant.
The ball python attacks as it pursues you!
The ball python bites you.
The jackal bites the plant.
A nearby plant withers and dies.
The ball python attacks as it pursues you!
The ball python barely misses you. x2
You have got your breath back.
The ball python attacks as it pursues you!
The ball python bites you.
The ball python bites you but does no damage.
You closely miss the ball python. The ball python barely misses you.
You barely miss the ball python. The ball python bites you.
The ball python barely misses you.
You are too injured to fight recklessly!
You are too injured to fight recklessly!
You are too injured to fight recklessly!
You are too injured to fight recklessly!
You hit the ball python.
You kill the ball python!
Dithmenos accepts your kill.
You start resting.
A jackal is nearby!
The splash of poison misses the jackal.
The jackal barks!
You can't do that yet.
You can't do that yet.
You can't do that yet.
You have got your breath back.
The jackal barks!
The jackal bites you but does no damage.
The jackal bites you.
You closely miss the jackal. The jackal bites you.
The jackal closely misses you.
You hit the jackal.
The jackal is almost dead.
The jackal barely misses you. The jackal completely misses you.
The jackal bites you. x3
You hit the jackal but do no damage.
The jackal is almost dead.
The jackal bites you. x3
You closely miss the jackal.
The jackal is almost dead.
The jackal bites you. The jackal barely misses you.
The jackal closely misses you.
You closely miss the jackal.
The jackal is almost dead.
The jackal closely misses you. The jackal barely misses you.
The jackal bites you. x2
You hit the jackal but do no damage.
The jackal is severely wounded.
The jackal bites you. x2
The jackal bites you but does no damage.
The jackal bites you but does no damage.
The jackal attacks as it pursues you! The jackal barely misses you.
The jackal bites you. x2
The jackal attacks as it pursues you! The jackal bites you. x2
The jackal bites you.
You die...

#########....##.
#..<## #...# ###...#
##.....#######.#
#......##.......
#......†..#
≈≈≈P....###.#
≈≈~~~...###@###
P≈≈≈~~.....hh.#
.~h≈~P~.......####
..~≈≈~~~P.~~~....#
.~P~≈≈≈≈PPP≈P~.~......
.~~~~≈≈≈≈≈~~~~~P~~~.P
.~~~≈≈≈≈≈≈~PP~.~~~
.)~~≈≈≈≈≈≈≈~~~≈≈≈≈
.~≈~~≈≈≈≈≈≈~~~~P~


You could see 2 jackals.

Vanquished Creatures
  An endoplasm (D:1)
  A goblin (D:4)
  A hobgoblin (D:1)
  3 jackals (D:4)
  A kobold (D:1)
  2 ball pythons
  A bat (D:1)
10 creatures vanquished.

Notes
Turn   | Place    | Note
-------+----------+-------------------------------------------
     0 | D:1      | browni3141 the Naga Monk began the quest for the Orb.
     0 | D:1      | Reached XP level 1. HP: 21/21 MP: 1/1
   101 | D:1      | Found a faded altar of an unknown god.
   105 | D:1      | Prayed at the altar of an unknown god.
   105 | D:1      | Became a worshipper of Dithmenos the Shadowed
   105 | D:1      | Reached * piety under Dithmenos
   105 | D:1      | Reached ** piety under Dithmenos
   245 | D:4      | Reached XP level 2. HP: 16/28 MP: 2/2
   366 | D:4      | HP: 1/28 [jackal (1)]
   367 | D:4      | Slain by a jackal

Illustrated notes

Levels and vault maps discovered:
D:1:      dpeg_arrival_stone_temple_mockup, layout_loops_ring,
          chequers_ecumenical_altar_twisty, serial_shops, shop, serial_glass,
          glass_columns_b, glass_columns_a, minivault_4
D:2:      layout_basic, corexii_shack, grunt_ministairs_3,
          kennysheep_jessica_study
D:3:      layout_basic, grunt_ministairs_15, uniq_terence
D:4:      layout_rooms, nicolae_sif_muna_little_library, chequers_big_river

Action                     || total
---------------------------++-------
  Melee: Mace              ||    29
Ability: Spit Poison       ||     7
 Armour: Robe              ||    52
  Dodge: Dodged            ||    31
